[Event "Late-Titled-Tuesday-Blitz-October-17-2023"]
[Site "Chess.com"]
[Date "2023.10.17"]
[Round "5"]
[White "GaiozNigalidze"]
[Black "BogdanDeac"]
[Result "0-1"]
[WhiteElo "2704"]
[BlackElo "2984"]
[TimeControl "180+1"]
[EndTime "14:55:45 PDT"]
[Termination "BogdanDeac won by resignation"]

1. d4 Nf6 2. c4 g6 3. Nf3 Bg7 4. Nc3 O-O 5. e4 d6 6. h3 e5 7. d5 Nh5 8. g3 Na6 9. Be2 Qe8 10.
Nd2 Nf6 11. a3 Nd7 12. b4 f5 13. Qc2 Nf6 14. Bd3 c6 15. Bb2 cxd5 16. Nxd5 Nxd5 17. cxd5 Bd7 18. Qb3 Ba4 19. Qa2 Nc7 20. O-O Nb5 21. exf5 gxf5 22. Rae1 Qh5 23. Kh2 Rae8 24.
Nc4 Qh6 25. Qb1 e4 26. Be2 Nc3 27. Bxc3 Bxc3 28. Rc1 Bd4 29. b5 a6 30. bxa6 bxa6 31. Qb4 Bb5 32. a4 Bc5 33. Qb3 Bxc4 34. Qxc4 f4 35. Bg4 Kh8 36. Qe2 e3 37. gxf4 Qxf4+ 38. Kg2 exf2 39. Qc4 Bd4 40. Rcd1 Be5 41. Qxf4 Rxf4 42.
Rxf2 Rxa4 43. Re2 Rg8 44. Kh1 Ra3 45. Be6 Rgg3 46. Rc2 a5 47. Rc8+ Kg7 48. Rg8+ Kh6 49. Rxg3 Rxg3 50. Rb1 a4 51. Rb7 a3 52. Ra7 Rb3 53.
Bf5 Kg5 54. Bxh7 Rxh3+ 55. Kg2 Rxh7 56. Rxh7 a2 57. Rh5+ Kxh5 58. Kf3 Kg6 59. Ke4 a1=Q 0-1

[Event "Late-Titled-Tuesday-Blitz-October-17-2023"]
[Site "Chess.com"]
[Date "2023.10.17"]
[Round "5"]
[White "miraitrunks"]
[Black "whiteglovethief"]
[Result "0-1"]
[WhiteElo "2208"]
[BlackElo "2618"]
[TimeControl "180+1"]
[EndTime "14:55:48 PDT"]
[Termination "whiteglovethief won by resignation"]

1. e4 e6 2. Nc3 d5 3. Nf3 d4 4. Ne2 c5 5. Ng3 Nc6 6. Bb5 Ne7 7. O-O a6 8. Bxc6+ Nxc6 9. c3 e5 10. cxd4 cxd4 11. d3 Be7 12. Bd2 a5 13. Rc1 O-O 14.
Qb3 a4 15. Qb5 Bd7 16. Nxe5 Nxe5 17. Qxe5 Be6 18. Nh5 Bf6 19. Nxf6+ gxf6 20. Qh5 Kh8 21. f4 Rg8 22. f5 Bxa2 23. Rf3 Rc8 24. Rxc8 Qxc8 25.
Rh3 Rg7 26. Bh6 Rg8 27. Qh4 Qc6 28. Rg3 Rc8 29. Bg7+ Kg8 30. Bxf6+ Kf8 31. Qh6+ Ke8 32. Rg8+ Kd7 33. Rxc8 Qxc8 34. Bxd4 Qc2 35. Qe3 Qd1+ 36.
Kf2 Bb1 37. e5 Bxd3 38. e6+ fxe6 39. Qxe6+ Kc7 40. Be5+ Kd8 41. Bf6+ Kc7 42. Be5+ Kd8 43. Bf6+ Kc7 44. Qe7+ Kc6 45. Qe6+ Kb5 46. Qd5+ Ka6 47.
Qe6+ b6 48. Qc8+ Kb5 49. Qd7+ Kb4 50. Bc3+ Kb3 51. Qe6+ Kc2 52. f6 Qf1+ 53. Kg3 b5 54. f7 Bc4 55. Qe4+ Kb3 56. Qe1 Qxe1+ 57. Bxe1 Bxf7 58. Bc3 a3 0-1

[Event "Late-Titled-Tuesday-Blitz-October-17-2023"]
[Site "Chess.com"]
[Date "2023.10.17"]
[Round "5"]
[White "ljm509"]
[Black "The_Machine04"]
[Result "1-0"]
[WhiteElo "2307"]
[BlackElo "2701"]
[TimeControl "180+1"]
[EndTime "14:55:49 PDT"]
[Termination "ljm509 won by checkmate"]

1. e4 d6 2. d4 Nf6 3. Nc3 e5 4. Nge2 Nc6 5. f3 exd4 6. Nxd4 d5 7. Nxc6 bxc6 8. Bg5 Be7 9. e5 Nd7 10. Bf4 Bg5 11.
Bg3 Bh4 12. f4 O-O 13. Bd3 g6 14. Qf3 Nc5 15. O-O-O Nxd3+ 16. Rxd3 Bf5 17. Rd2 Be7 18. Bf2 Qc8 19. h3 h5 20. g4 hxg4 21. hxg4 Bxg4 22. Qg2 Qf5 23. Qh2 Bh5 24. Bh4 Bxh4 25. Qxh4 Kg7 26. Ne2 Rh8 27. Ng3 Qe6 28. Rg1 Bg4 29. Qg5 Rh3 30. Rf2 Kf8 31. f5 Rxg3 32. Rxg3 Bxf5 33. Qf6 Qxf6 34. exf6 Rd8 35. Re3 Rd6 36. Ra3 Rxf6 37.
Rxa7 Re6 38. Rxc7 Kg7 39. a4 Re1+ 40. Kd2 Ra1 41. b3 Ra2 42. Kc3 d4+ 43. Kxd4 Ra1 44. Rxc6 Rd1+ 45. Kc5 Rc1 46. Kb6 Be6 47. a5 Ra1 48. a6 g5 49. Rxe6 fxe6 50. a7 g4 51.
Rg2 Kf6 52. Rxg4 Kf5 53. Rg2 e5 54. Kb7 Kf4 55. a8=Q Rxa8 56. Kxa8 Kf3 57. Rg8 e4 58. Re8 Ke3 59. Ka7 Kd4 60. Ka6 e3 61. b4 Kc4 62.
Rxe3 Kxb4 63. Rb3+ Kc4 64. Ka5 Kc5 65. Ka4 Kc4 66. Ka3 Kc5 67. Kb2 Kc4 68. c3 Kc5 69.
Rb4 Kc6 70. Kb3 Kc5 71. c4 Kc6 72. Rb5 Kc7 73. Kb4 Kc6 74. c5 Kc7 75. Rb6 Kc8 76. Kb5 Kc7 77. c6 Kc8 78. Kc5 Kd8 79. Kd6 Kc8 80.
Rb1 Kd8 81. Rb8# 1-0

[Event "Late-Titled-Tuesday-Blitz-October-17-2023"]
[Site "Chess.com"]
[Date "2023.10.17"]
[Round "5"]
[White "DvaHrasta"]
[Black "krzyzan94"]
[Result "0-1"]
[WhiteElo "2492"]
[BlackElo "2772"]
[TimeControl "180+1"]
[EndTime "14:55:52 PDT"]
[Termination "krzyzan94 won on time"]

1. c4 e5 2. g3 Nf6 3. Bg2 d5 4. cxd5 Nxd5 5. Nf3 Nc6 6. O-O Nb6 7. Nc3 Be7 8. d4 exd4 9. Nb5 O-O 10. Nbxd4 Nxd4 11. Qxd4 Bf6 12. Qxd8 Rxd8 13. e4 Nc4 14. Rb1 Bg4 15.
b3 Bxf3 16. Bxf3 Nd2 17. Bxd2 Rxd2 18. a4 c5 19. Rfd1 Ra2 20. Rd7 Bd4 21. Rf1 Rb8 22. e5 Bxe5 23. Bxb7 a5 24. Bd5 Rb2 25. Rxf7 Kh8 26.
Re1 Bd4 27. Ree7 h6 28. h4 Rd2 29. Bc4 Rd8 30. h5 Rb2 31. Kg2 Rd2 32. Ra7 Bc3 33. Rac7 Bd4 34. Rb7 Bc3 35. Rb5 Rc8 36. Be6 Re8 37. Bf5 Bd4 38. Bg6 Ra8 39. Rxa5 Rd8 40. Rb5 Ra2 41. a5 Rc8 42. Bd3 Rd8 43. Bc4 Rc8 44.
Ra7 Rxf2+ 45. Kh3 Rf5 46. Be6 Rxh5+ 47. Kg2 Rf8 48. Rf7 Re8 49. Bg4 Rg5 50. Kh3 h5 51. Bf3 Be5 52. g4 hxg4+ 53. Bxg4 Bf6 54. Rbb7 Re3+ 55.
Kg2 Rxg4+ 56. Kf2 Rc3 57. Rb8+ Kh7 58. a6 Bd4+ 59. Ke2 Rg2+ 60. Kf1 Rh2 0-1

[Event "Late-Titled-Tuesday-Blitz-October-17-2023"]
[Site "Chess.com"]
[Date "2023.10.17"]
[Round "5"]
[White "wild3000"]
[Black "SCIM"]
[Result "1-0"]
[WhiteElo "2423"]
[BlackElo "2545"]
[TimeControl "180+1"]
[EndTime "14:55:54 PDT"]
[Termination "wild3000 won by resignation"]

1. d4 Nf6 2. Nf3 c5 3. e3 cxd4 4. exd4 g6 5. Be2 Bg7 6. O-O O-O 7. Re1 b6 8. c3 Bb7 9. Bg5 d6 10. Nbd2 Nbd7 11. a4 a6 12. h3 Re8 13. Nc4 Rc8 14.
Bf1 Qc7 15. a5 b5 16. Ne3 Ne4 17. Bh4 Ndf6 18. Ng5 Nxg5 19. Bxg5 Ne4 20. Bh4 e6 21. f3 Nf6 22. Ng4 Nxg4 23. hxg4 Bd5 24.
Qd2 Qb7 25. Bg3 Red8 26. Bd3 Bc4 27. Be4 Bd5 28. Bf4 Bxe4 29. Rxe4 e5 30. Bg5 Re8 31.
dxe5 dxe5 32. Rd1 Qc7 33. Bh6 Qxa5 34. Bxg7 Kxg7 35. Qe2 Qb6+ 36. Kh2 Rcd8 37. Rxd8 Qxd8 38. Rxe5 Qd6 39. f4 Rxe5 40. fxe5 Qe6 41. Kg3 h6 42. Qe3 Qc4 43. Qd4 Qc7 44. Kf3 Kh7 45. b4 Qc6+ 46.
Kg3 Qe6 47. Qf4 Kg7 48. g5 hxg5 49. Qxg5 Qc4 50. Qf6+ Kh7 51. Qh4+ Qxh4+ 52. Kxh4 Kh6 53. Kg4 Kh7 54. Kg5 Kg7 55. g3 Kg8 56. Kf6 Kf8 57.
g4 Ke8 58. e6 fxe6 59. Kxe6 g5 60. Kf6 Kf8 61. Kxg5 Kg7 62. Kf5 Kf7 63. g5 Kg7 64. g6 a5 65. bxa5 1-0

[Event "Late-Titled-Tuesday-Blitz-October-17-2023"]
[Site "Chess.com"]
[Date "2023.10.17"]
[Round "5"]
[White "Hrant_ChessMood"]
[Black "Polish_fighter3000"]
[Result "1/2-1/2"]
[WhiteElo "2935"]
[BlackElo "3057"]
[TimeControl "180+1"]
[EndTime "14:55:58 PDT"]
[Termination "Game drawn by repetition"]

1. d4 Nf6 2. c4 e6 3. Bf4 b6 4. a3 Bb7 5. Nc3 d5 6. e3 Be7 7. Nf3 O-O 8. Rc1 c5 9. cxd5 Nxd5 10.
Nxd5 Bxd5 11. dxc5 bxc5 12. Bc4 Bxc4 13. Rxc4 Qa5+ 14. Qd2 Qb5 15. Qc2 Nd7 16. O-O Nb6 17. Re4 c4 18. Nd4 Qd7 19. Nf3 Rfd8 20. h3 f6 21. Rd4 Qe8 22. Rxd8 Rxd8 23. Bc7 Rc8 24. Bxb6 axb6 25. Rd1 f5 26. e4 fxe4 27. Qxe4 Bf6 28. Ne5 b5 29. Re1 Rd8 30. a4 Bxe5 31. Qxe5 bxa4 32.
Qc5 Rc8 33. Qd6 Qc6 34. Rxe6 Qxd6 35. Rxd6 Rb8 36. Rd2 Kf7 37. Re2 c3 38. bxc3 a3 39. Ra2 Rb3 40. Kh2 Rxc3 41. Re2 Rb3 42. f4 Rb4 43. Ra2 Ra4 44. Kg3 Ke6 45. Kf3 Kd5 46.
g4 Kc4 47. f5 Kb3 48. Ra1 Kb2 49. Rh1 a2 50. g5 a1=Q 51. Rxa1 Rxa1 52. Ke4 Kc3 53. f6 g6 54. Ke5 Ra5+ 55. Ke6 Rxg5 56. Ke7 Re5+ 57. Kf8 g5 58. Kg7 h5 59. Kg6 g4 60. f7 Re6+ 61. Kg5 Re5+ 62. Kg6 Re6+ 63. Kg5 Re5+ 64. Kg6 1/2-1/2

[Event "Late-Titled-Tuesday-Blitz-October-17-2023"]
[Site "Chess.com"]
[Date "2023.10.17"]
[Round "5"]
[White "Tiqr777"]
[Black "maciek_92"]
[Result "1-0"]
[WhiteElo "2642"]
[BlackElo "2830"]
[TimeControl "180+1"]
[EndTime "14:55:59 PDT"]
[Termination "Tiqr777 won by resignation"]

1. c4 e5 2. Nc3 Nc6 3. g3 f5 4. Bg2 Nf6 5. d3 Be7 6. Nf3 O-O 7. O-O d6 8. Rb1 Qe8 9. b4 Bd8 10. b5 Ne7 11. c5 Ng6 12. cxd6 cxd6 13. Ba3 Be7 14.
Qb3+ Kh8 15. Ng5 d5 16. Bxe7 Qxe7 17. Nf3 Be6 18. d4 e4 19. Ng5 Bg8 20. e3 Rac8 21. Rfc1 f4 22. exf4 Nh5 23. Nxd5 Qd6 24. Bxe4 Ne7 25.
Qb4 Qxb4 26. Nxb4 Nf6 27. Bxb7 Rb8 28. Bg2 Rxb5 29. Nc6 Rxb1 30. Rxb1 Nxc6 31. Bxc6 Rd8 32. d5 h6 33. Ne6 Rd6 34. Rb8 Kh7 35. Nf8+ Kh8 36.
Ng6+ Kh7 37. Ne7 Bf7 38. Rf8 Bxd5 39. Nxd5 Nxd5 40. Ba4 Nb4 41. Bb3 g5 42. f5 Kg7 43.
Rf7+ Kh8 44. Rxa7 Nd3 45. Kg2 Nc5 46. Bf7 Rd2 47. f6 Ne4 48. Kf3 Nxf6 49. Bb3 Rd3+ 50. Ke2 Rd6 51. Rf7 Ne4 52. Ke3 Nf6 53. f4 Ng4+ 54. Ke4 gxf4 55. Kxf4 Nxh2 56. Rf5 Nf1 57. Rd5 Rf6+ 58. Ke5 Kg7 59. Rd7+ Kg6 60. Bc2+ Kg5 61. Rg7+ Kh5 62. Kxf6 Ne3 63. Be4 Ng4+ 64. Rxg4 Kxg4 65. a4 1-0

[Event "Late-Titled-Tuesday-Blitz-October-17-2023"]
[Site "Chess.com"]
[Date "2023.10.17"]
[Round "5"]
[White "Zq1"]
[Black "Casablanca"]
[Result "1/2-1/2"]
[WhiteElo "2541"]
[BlackElo "2752"]
[TimeControl "180+1"]
[EndTime "14:55:59 PDT"]
[Termination "Game drawn - insufficient material"]

1. d4 Nf6 2. c4 e6 3. Nc3 Bb4 4. a3 Bxc3+ 5. bxc3 O-O 6. e3 c5 7. Bd3 d6 8. Ne2 Nc6 9. O-O e5 10. e4 h6 11. d5 Ne7 12. f3 Ng6 13. Be3 b6 14. Qd2 Nh5 15. g4 Nhf4 16. Nxf4 exf4 17. Bxf4 Nxf4 18. Qxf4 Qg5 19. Qxg5 hxg5 20. Kg2 g6 21. Kg3 Kg7 22. h4 gxh4+ 23. Kxh4 Rh8+ 24. Kg3 g5 25. Rh1 Bd7 26. Bc2 Rag8 27. f4 Kf6 28. Rxh8 Rxh8 29. Rf1 gxf4+ 30. Rxf4+ Ke7 31. Rf1 f6 32. a4 Rg8 33.
Bd1 Rh8 34. Bf3 a5 35. Rb1 Bxa4 36. Rxb6 Bd7 37. Ra6 a4 38. Bd1 Rg8 39. Ra7 Kd8 40.
Kf2 Bxg4 41. Bxa4 Bc8 42. Rf7 Rg6 43. Bd1 Rh6 44. Kg3 Rg6+ 45. Kf4 Rh6 46. Rg7 Bd7 47.
Bg4 Ba4 48. Be6 Be8 49. Kf5 Rh4 50. Kxf6 Rxe4 51. Ra7 Rf4+ 52. Bf5 Bh5 53. Ke6 Rxc4 54. Kxd6 Ke8 55. Be6 Kf8 56. Rh7 Bg6 57. Rh8+ Kg7 58. Rg8+ Kf6 59. Rc8 Rxc3 60. Rxc5 Rxc5 61. Kxc5 Ke7 62.
Bg4 Be8 63. d6+ Kd8 64. Kd5 Bd7 65. Be6 Bxe6+ 66. Kxe6 Ke8 67. d7+ Kd8 68. Kf5 Kxd7 1/2-1/2

[Event "Late-Titled-Tuesday-Blitz-October-17-2023"]
[Site "Chess.com"]
[Date "2023.10.17"]
[Round "5"]
[White "midedu"]
[Black "AlexandraBotez"]
[Result "1-0"]
[WhiteElo "2047"]
[BlackElo "2332"]
[TimeControl "180+1"]
[EndTime "14:55:59 PDT"]
[Termination "midedu won on time"]

1. e4 e6 2. d3 d5 3. Nd2 c5 4. Ngf3 Nc6 5. c3 Nf6 6. Qc2 Bd6 7. g3 O-O 8. Bg2 Qc7 9. O-O d4 10. c4 h6 11. a3 a6 12. Rb1 b5 13. e5 Bxe5 14.
Nxe5 Qxe5 15. Bxc6 Rb8 16. Bg2 b4 17. axb4 Rxb4 18.
b3 Bb7 19. Bxb7 Rxb7 20. Qd1 a5 21. Ra1 Ra7 22. Ra4 Nd7 23. Re1 Qd6 24. Nf3 e5 25.
Ra3 f6 26. Bd2 Rfa8 27. Qc2 Qc6 28. Qd1 Nf8 29. Qe2 Kh8 30. Rea1 Qc7 31. Qe1 Qb7 32. Qe4 Qc7 33. Nh4 Nd7 34. Ng6+ Kg8 35. Ne7+ Kf7 36. Nd5 Qb7 37. h4 Nb8 38. h5 Nc6 39. Qg6+ Ke6 40. Bxh6 gxh6 41. Qxf6+ Kd7 42. Qf7+ Kd8 43. Qf8+ Kd7 44.
Qxc5 Re8 45. Nf6+ Kd8 46. Nxe8 Kxe8 47. Qd5 Qd7 48. Qg8+ Ke7 49. Qh7+ Kd6 50. Qxh6+ Kc5 51. Qf8+ Qd6 52. Qxd6+ Kxd6 53. g4 Rg7 54. f3 Kc5 55.
Rxa5+ Nxa5 56. Rxa5+ Kb4 57. Rxe5 Kc3 58. c5 Kxd3 59.
b4 Kc4 60. c6 Kxb4 61. Kf2 Kc3 62. h6 Rg6 63. h7 Rh6 64. Re7 d3 65. Rd7 d2 66. c7 Rxh7 67. c8=Q+ 1-0

[Event "Late-Titled-Tuesday-Blitz-October-17-2023"]
[Site "Chess.com"]
[Date "2023.10.17"]
[Round "5"]
[White "Baku_Boulevard"]
[Black "tptagain"]
[Result "1/2-1/2"]
[WhiteElo "3012"]
[BlackElo "2913"]
[TimeControl "180+1"]
[EndTime "14:56:01 PDT"]
[Termination "Game drawn by repetition"]

1. e4 c5 2. Nf3 Nc6 3. c3 Nf6 4. e5 Nd5 5. Bc4 Nb6 6. Bb3 d5 7. exd6 exd6 8. d4 Be7 9. O-O O-O 10. h3 d5 11. Re1 Bf5 12. dxc5 Bxc5 13. Be3 Qd6 14.
Nd4 Bxd4 15. Bxd4 Rfe8 16. Rxe8+ Rxe8 17. Bxb6 axb6 18. Nd2 d4 19. Qf3 Bg6 20. Nc4 Qc5 21. Rd1 b5 22. Nd2 dxc3 23. Qxc3 Qxc3 24. bxc3 Rc8 25.
Nf3 Na5 26. Rd5 Nxb3 27. axb3 Be4 28. Re5 Bxf3 29. gxf3 f6 30. Rxb5 Rxc3 31. Rxb7 Rxf3 32. Kg2 Rc3 33. b4 h5 34. b5 Rb3 35. b6 h4 36. f4 Kh7 37. f5 Kh6 38. Kh2 Rb2+ 39. Kg1 Rb5 40. Rb8 Kg5 41. Rg8 Kxf5 42. Rxg7 Rxb6 43.
Rg4 Ke5 44. Rxh4 f5 45. Ra4 Rb2 46. h4 f4 47. Kf1 Kf5 48. h5 Kg4 49. h6 Kg3 50. h7 Rb1+ 51. Ke2 f3+ 52. Kd2 Rh1 53.
Ra7 f2 54. Rg7+ Kf4 55. Rf7+ Kg5 56. Ke2 f1=Q+ 57. Rxf1 Rxh7 58. Rf3 Rh6 59. Rg3+ Kf5 60. Rf3+ Kg5 61. Rg3+ Kf5 62. Rf3+ Kg5 1/2-1/2

[Event "Late-Titled-Tuesday-Blitz-October-17-2023"]
[Site "Chess.com"]
[Date "2023.10.17"]
[Round "5"]
[White "GlavkonVVS"]
[Black "GiorgianBarbosa"]
[Result "1-0"]
[WhiteElo "2542"]
[BlackElo "2379"]
[TimeControl "180+1"]
[EndTime "14:56:03 PDT"]
[Termination "GlavkonVVS won on time"]

1. Nf3 Nf6 2. c4 e6 3. Nc3 d5 4. d4 c6 5. Bg5 Nbd7 6. e3 h6 7. Bh4 g5 8. Bg3 Nh5 9. Qc2 Nxg3 10. hxg3 Bg7 11. O-O-O a6 12. Nd2 b5 13. c5 a5 14. f4 a4 15. a3 Qa5 16. Na2 Nb8 17. Nb4 Bd7 18. Nf3 Na6 19. Nxa6 Qxa6 20. fxg5 hxg5 21.
Rxh8+ Bxh8 22. Nxg5 Bf6 23. Nf3 Qa5 24. Qc3 Qc7 25.
g4 Qg3 26. g5 Bxg5 27. Nxg5 Qxg5 28. Qd2 Ke7 29. Bd3 Rh8 30. Rf1 Rh2 31. Rf2 f5 32. Kc2 Qg3 33. Kc3 Qc7 34. Kc2 Qg3 35. Bf1 Qg4 36. Rf3 Be8 37. Rf4 Qg3 38. Qf2 Qxf2+ 39.
Rxf2 Bh5 40. Kd2 Bg4 41. Rf4 Rh1 42. Ke1 Kd7 43. Kf2 Kc7 44. Kg3 Kb7 45. Rf2 Ka6 46.
Kf4 Ka5 47. Ke5 b4 48. Kd6 b3 49. Kxc6 Rh8 50. Kc7 Re8 51. c6 e5 52. Kd7 Bh5 53. c7 exd4 54. exd4 Bg4 55. Kxe8 f4 56. Kd8 f3 57.
gxf3 Bf5 58. Re2 Bh3 59. Re5 Kb6 60. Bxh3 Ka7 61. Re6 1-0

[Event "Late-Titled-Tuesday-Blitz-October-17-2023"]
[Site "Chess.com"]
[Date "2023.10.17"]
[Round "5"]
[White "AsaHoffmann"]
[Black "TimGrutter03"]
[Result "1/2-1/2"]
[WhiteElo "2339"]
[BlackElo "2547"]
[TimeControl "180+1"]
[EndTime "14:56:04 PDT"]
[Termination "Game drawn by agreement"]

1. d4 c6 2. Bg5 Qa5+ 3. Bd2 Qb6 4. Bc3 d5 5. Nd2 Bf5 6. f3 Nf6 7. h4 h5 8. Nh3 e6 9. Ng5 Bd6 10. e4 Bg3+ 11. Ke2 dxe4 12. fxe4 Bg4+ 13. Ndf3 Nbd7 14. Qd3 O-O-O 15. Qc4 Ne5 16. Qb3 Qa6+ 17. Kd1 b5 18. Bd3 Nxd3 19. cxd3 c5 20. Qa3 Qxa3 21.
bxa3 cxd4 22. Ba5 Rd7 23. Ke2 Kb7 24. Rhc1 Bf4 25. Rc5 a6 26. a4 Bd6 27. Rc2 Rc8 28.
Rxc8 Kxc8 29. axb5 axb5 30. Rb1 Rb7 31. Bb4 Bxb4 32.
Rxb4 e5 33. Kf2 Bxf3 34. gxf3 Nd7 35. Nxf7 Kc7 36. Ng5 Kd6 37. f4 exf4 38. Rxd4+ Kc5 39. Rd5+ Kc6 40. Ne6 Nf6 41. Rf5 b4 42. d4 Kd6 43. d5 b3 44. axb3 Rxb3 45. e5+ Kxd5 46. exf6+ Kxe6 47. fxg7 Rb2+ 48. Kf3 Rb3+ 49. Kxf4 Rb4+ 50.
Kg5 Rg4+ 51. Kxh5 Rxg7 52. Rf2 Rh7+ 53. Kg5 Rg7+ 54. Kh6 Rg1 55. h5 Ke7 56. Kh7 Rg3 57. h6 Rg1 58. Kh8 Rg3 59. Ra2 Kf7 60. Ra7+ Kf8 61.
h7 Rg1 62. Ra8+ Kf7 63. Rg8 Rh1 64. Rg2 Rf1 65. Rg3 Rf2 66. Rg7+ Kf8 67. Rg5 Kf7 68. Rg4 Kf8 69. Rb4 Kf7 70. Rb7+ Kf8 71. Rg7 Rf1 72.
Rg8+ Kf7 73. Rg7+ Kf8 74. Rg8+ 1/2-1/2

[Event "Late-Titled-Tuesday-Blitz-October-17-2023"]
[Site "Chess.com"]
[Date "2023.10.17"]
[Round "5"]
[White "Hirna2005"]
[Black "Langua_Chess"]
[Result "0-1"]
[WhiteElo "2309"]
[BlackElo "2481"]
[TimeControl "180+1"]
[EndTime "14:56:04 PDT"]
[Termination "Langua_Chess won by checkmate"]

1. e4 c5 2. c3 d5 3. exd5 Qxd5 4. Nf3 Bg4 5. Be2 Nf6 6. O-O Nc6 7. Na3 e6 8. h3 Bh5 9. d4 a6 10. c4 Qd7 11. Nc2 Rd8 12. dxc5 Bxc5 13. Bg5 Qc7 14. Qc1 O-O 15. Bxf6 gxf6 16. Qh6 Bg6 17. Ne3 f5 18. Nh4 Nd4 19. Bh5 Rfe8 20. Rad1 Bf8 21. Qg5 h6 22. Qg3 f4 23. Qg4 fxe3 24. Bxg6 fxg6 25. Rxd4 Rxd4 26.
Qxg6+ Qg7 27. Qxe8 e2 28. Qxe6+ Qf7 29. Qxe2 Rxh4 30.
Re1 Rf4 31. f3 Qxc4 32. Qe8 Qf7 33. Qe2 Rf6 34. Rd1 Qe6 35. Qc2 Qe3+ 36. Kh1 Qg5 37.
Re1 Bd6 38. Qc4+ Kg7 39. Qe4 Qf4 40. Qxf4 Rxf4 41. Re6 Rd4 42. g4 Rd2 43. f4 b5 44.
f5 Bf4 45. Re8 Rxb2 46. Ra8 Rxa2 47. Ra7+ Kf6 48. h4 Bg3 49. g5+ hxg5 50. h5 Kxf5 51. Kg1 b4 52. h6 b3 53. h7 Be5 54. Rf7+ Kg6 55. Rb7 b2 56. h8=Q Bxh8 57. Rb6+ Kh5 58.
Rb3 Ra1+ 59. Kg2 b1=Q 60. Rh3+ Kg6 61. Rf3 Qe4 62. Kf2 Bd4+ 63. Kg3 Rg1+ 64. Kh2 Qh4+ 65. Rh3 Qf2# 0-1

[Event "Late-Titled-Tuesday-Blitz-October-17-2023"]
[Site "Chess.com"]
[Date "2023.10.17"]
[Round "5"]
[White "Rikikits"]
[Black "Beca95"]
[Result "0-1"]
[WhiteElo "2814"]
[BlackElo "2922"]
[TimeControl "180+1"]
[EndTime "14:56:07 PDT"]
[Termination "Beca95 won on time"]

1. Nf3 d5 2. b3 c5 3. Bb2 Nc6 4. e3 a6 5. g3 Bf5 6. Bg2 h6 7. O-O Nf6 8. d3 e6 9. Nbd2 Bh7 10. a3 Be7 11. Qe2 O-O 12. e4 b5 13. Rfe1 Re8 14.
e5 Nd7 15. Nf1 a5 16. a4 bxa4 17. Rxa4 Nb6 18. Rg4 a4 19. Bc1 Kh8 20. bxa4 Rxa4 21. Rxa4 Nxa4 22. h4 Qc7 23. g4 Nd4 24. Nxd4 cxd4 25.
g5 hxg5 26. hxg5 Rc8 27. Bd2 Kg8 28. Ng3 Qxc2 29. Rc1 Qxc1+ 30. Bxc1 Rxc1+ 31. Kh2 Nc3 32. Qb2 Rb1 33. Qc2 Bxg5 34. Ne2 Bf5 35. Bh3 Bg6 36. f4 Nxe2 37. Qxb1 Nxf4 38. Qb8+ Kh7 39. Qa7 Nxd3 40. Qxd4 Bf4+ 41. Kg1 Bg3 42. Qg4 Bf2+ 43. Kf1 Be3 44. Qh4+ Bh6 45. Qg3 Nf4 46. Bg4 Be4 47. Bf3 Bf5 48.
Bg4 Bd3+ 49. Ke1 Bg6 50. Be2 Kg8 51. Bf1 Be4 52. Qh4 Ng6 53. Qd8+ Kh7 54. Qc7 Kg8 55.
Qd8+ Nf8 56. Be2 Bf4 57. Qb8 Bh6 58. Kf2 g5 59. Bh5 Kg7 60. Qd8 Nh7 61. Qe7 Bg6 62.
Bxg6 Kxg6 63. Kg3 Bg7 64. Qd7 Bxe5+ 65. Kg2 Nf6 66. Qb7 Bf4 67. Qb1+ Kg7 68. Qb7 e5 69.
Qe7 Kg6 70. Qf8 e4 71. Kh3 d4 72. Kg2 d3 73. Kf2 e3+ 74. Kg2 e2 75. Qe7 Bd2 76.
Qd6 e1=Q 0-1

[Event "Late-Titled-Tuesday-Blitz-October-17-2023"]
[Site "Chess.com"]
[Date "2023.10.17"]
[Round "5"]
[White "KaydenTroffChess"]
[Black "Nf3c5"]
[Result "1-0"]
[WhiteElo "2823"]
[BlackElo "2608"]
[TimeControl "180+1"]
[EndTime "14:56:10 PDT"]
[Termination "KaydenTroffChess won on time"]

1. d4 Nf6 2. c4 e6 3. Nf3 Bb4+ 4. Bd2 Qe7 5. Nc3 O-O 6. g3 d6 7. Bg2 Bxc3 8. Bxc3 Ne4 9. Rc1 Nc6 10. O-O Nxc3 11.
Rxc3 Bd7 12. c5 d5 13. Re1 Rad8 14. Qb3 Bc8 15. Qa4 a6 16. b4 e5 17. e3 exd4 18.
exd4 Qf6 19. Ne5 Nxd4 20. Rd3 Rfe8 21. f4 Nc6 22. Rxd5 Nxe5 23. Rexe5 Rf8 24. Qd1 Rxd5 25. Qxd5 c6 26. Qd6 Be6 27. f5 Bxa2 28. Qxf6 gxf6 29. Re7 Rb8 30. Bf3 Kf8 31. Rd7 Ke8 32. Rd6 Ke7 33. Rd2 Bc4 34. Rd4 Bb5 35. Rh4 Rh8 36. Re4+ Kd7 37.
Bh5 Rf8 38. Rd4+ Ke7 39. Re4+ Kd7 40. Kf2 Ba4 41. Rd4+ Ke7 42. Re4+ Kd7 43. Rd4+ Kc7 44. Bg4 Bb3 45. Re4 Kd7 46. Rd4+ Kc7 47. Rd6 Bd5 48.
Rxf6 a5 49. bxa5 Ra8 50. Bf3 Rxa5 51. Bxd5 cxd5 52. Rxf7+ Kc6 53. Rxh7 Rxc5 54. f6 Kd6 55. Rxb7 Ke6 56. f7 Rc8 57. Ke3 Rf8 58. Kd4 Rc8 59.
h4 Rc4+ 60. Kd3 Rc8 61. g4 Ra8 62. g5 Ra3+ 63. Ke2 Ra2+ 64. Kf3 Ra3+ 65. Kg4 Ra4+ 66. Kh5 Rf4 67. Kg6 d4 68. Rb8 d3 69. f8=Q Rxf8 70.
Rxf8 Ke7 71. Rf1 d2 72. Rd1 1-0

[Event "Late-Titled-Tuesday-Blitz-October-17-2023"]
[Site "Chess.com"]
[Date "2023.10.17"]
[Round "5"]
[White "azikom"]
[Black "micke12a"]
[Result "1/2-1/2"]
[WhiteElo "2600"]
[BlackElo "2369"]
[TimeControl "180+1"]
[EndTime "14:56:14 PDT"]
[Termination "Game drawn - insufficient material"]

1. c4 Nf6 2. Nc3 g6 3. e4 e5 4. d4 exd4 5. Qxd4 Bg7 6. Bg5 Nc6 7. Qd2 O-O 8. f3 d6 9. O-O-O Re8 10. h4 h5 11.
Nge2 Ne5 12. Nf4 Qd7 13. Nfd5 Nxd5 14. cxd5 a6 15. Kb1 b5 16. Rc1 Rb8 17. Bh6 Bh8 18.
Nd1 Bb7 19. Ne3 Rec8 20. Be2 c6 21. dxc6 Rxc6 22. Rxc6 Bxc6 23. Bf4 Nc4 24. Bxc4 bxc4 25. Nxc4 Bb5 26. Qxd6 Qxd6 27. Nxd6 Bd3+ 28. Kc1 Rxb2 29. e5 Rb1+ 30. Kd2 Rxh1 31. Kxd3 Rxh4 32. Bg3 Ra4 33. Nc4 Rxa2 34. Bh4 Rxg2 35. f4 Rg4 36. Bg5 h4 37. Ne3 Rg3 38. Bxh4 Rg1 39. Nd5 Rd1+ 40. Ke4 Kh7 41.
Bd8 Ra1 42. Bc7 Bg7 43. Bd6 Kh6 44. f5 Ra4+ 45. Kf3 gxf5 46. Ne3 f4 47. Nf5+ Kg6 48.
Ne7+ Kg5 49. Nd5 Ra3+ 50. Ke4 f3 51. Be7+ Kg4 52. Bxa3 f2 53. Ne3+ Kg3 54. Nf1+ Kg2 55. Ne3+ Kg1 56. Bc5 f1=Q 57. Nxf1+ Kxf1 58. Bb6 Kg2 59. Kf5 Kh3 60. e6 fxe6+ 61. Kxe6 Bc3 62. Kd5 a5 63.
Kc4 Bb4 64. Kb5 a4 65. Kxa4 1/2-1/2

[Event "Late-Titled-Tuesday-Blitz-October-17-2023"]
[Site "Chess.com"]
[Date "2023.10.17"]
[Round "5"]
[White "gmcorrales"]
[Black "MKlose11"]
[Result "0-1"]
[WhiteElo "2838"]
[BlackElo "2644"]
[TimeControl "180+1"]
[EndTime "14:56:24 PDT"]
[Termination "MKlose11 won by resignation"]

1. e4 e6 2. d4 d5 3. e5 c5 4. c3 Nc6 5. Nf3 Qb6 6. a3 f6 7.
Bd3 fxe5 8. Nxe5 Nf6 9. O-O Bd6 10. Nxc6 bxc6 11. dxc5 Bxc5 12. b4 Bd6 13. c4 Qc7 14. g3 O-O 15. c5 Be7 16. f4 e5 17. fxe5 Qxe5 18. Ra2 Bg4 19. Qe1 Qc7 20. Bf4 Qd7 21.
Nc3 Rae8 22. Qd2 Bh3 23. Re1 d4 24. Ne4 Nd5 25. Bd6 Bxd6 26. Nxd6 Rxe1+ 27. Qxe1 Ne3 28. Rf2 Qe6 29. Rxf8+ Kxf8 30. Bc4 Nxc4 31. Qf2+ Ke7 32. Nb7 Qe3 33. Qxe3+ Nxe3 34. Na5 Kd7 35. Kf2 Nc2 36.
Kf3 Nxa3 37. g4 h5 38. gxh5 Nc2 39. Ke4 Be6 40. Nb7 Nxb4 41. Kxd4 Bg4 42. Nd6 Bxh5 43. Nf5 g6 44. Nd6 Nd5 45. Nc4 Nf6 46. Ke5 Ng4+ 47. Kf4 Nxh2 48. Ne5+ Kc7 49. Kg3 Nf3 50. Nc4 Nd4 51.
Kf4 Ne6+ 52. Ke5 Nxc5 53. Kd4 Nd7 54. Ke4 Bg4 55. Nb2 Bf5+ 56. Kd4 g5 57. Kc4 g4 58. Kd4 g3 59. Ke3 Be4 60. Nc4 g2 61. Kf2 Bd5 62. Nd2 a5 63. Nb1 a4 64. Na3 Nf6 65. Kg1 Ng4 66. Nb5+ Kd8 67. Nd4 Ne3 68. Kf2 Nd1+ 69. Kg1 Nc3 70. Kf2 a3 71. Nc2 a2 72. Na1 Nb1 73.
Nc2 Nd2 74. Ke3 g1=Q+ 75. Kxd2 a1=Q 76. Nxa1 Qxa1 77. Kd3 Qe5 78. Kd2 Kd7 79. Kd3 Kd6 80. Kd2 Qg3 81. Kc1 Kc5 82. Kb2 Kc4 83.
Kc2 Qg2+ 84. Kd1 Kd3 0-1